Match 46778649
Unlisted

Match 46778649
End
Royal Engineer Section
Construct Section Command Post
Infantry Section
Infantry Section
Construct Field Infirmary
Vickers Machine Gun Team
Construct Platoon Command Post
6-pounder Anti-tank Gun Team
Grenade Package
Selects Heavy Armor Battlegroup
Selects Rigorous Vehicle Training
Selects Forward Repair Assembly
Unlock M3 Stuart Light Tanks
Humber Armored Car
Construct Company Command Post
Foot Guards Section
Foot Guards Section
Selects Churchill Black Prince Heavy Tank
Vickers Machine Gun Team
Churchill Black Prince Heavy Tank
Stana
aSIIDemolitionHammer
BlueSkidrow™ Legion
Ashur
0
0

Comments sign in to comment!

No comments posted yet!